[Event "Tuesday 24 April Rapid Engine Tour 12+1 Rounds 9 Starts 1600ST"]
[Site "Infinity Chess"]
[Date "2018.4.24"]
[Round "9"]
[White "juggernaut"]
[Black "OlivierEvan"]
[Result "1/2-1/2"]
[ECO "B23"]
[WhiteElo "2382"]
[BlackElo "2378"]
[WhiteEngine "Cryptic Heroes 9.4B"]
[BlackEngine "Houdini 6"]
[EventType "Swiss"]
[WhiteTeam ""]
[BlackTeam ""]
[PlyCount "88"]
[TimeControl "720+1"]

1. e4 c5 2. Nc3 a6 3. Nf3 d6 4. d4 cxd4 5. Qxd4 Nc6 6. Qd3 Nf6 7. a3 g6 
8. h3 Bg7 9. Be2 O-O 10. Bg5 Be6 11. O-O h6 12. Be3 d5 13. exd5 Nxd5 
14. Nxd5 Qxd5 15. Qxd5 Bxd5 16. Rad1 Rfd8 17. c4 Bxf3 18. Bxf3 Bxb2 19. a4 Rac8 
20. Bxh6 Bd4 21. Rb1 b6 22. Bg4 Rc7 23. Rfd1 e5 24. Kf1 a5 25. Rb5 Bc5 
26. Rxd8+ Nxd8 27. Be3 Nb7 28. Be2 Bxe3 29. fxe3 Nd6 30. Rxb6 Nxc4 31. Rb8+ Kg7 
32. Kf2 Rc5 33. Bd3 Kf6 34. Rb7 Nd6 35. Rb6 Ke7 36. Ra6 f5 37. Ra7+ Ke6 
38. Ra6 Rc3 39. Be2 Ke7 40. Rxa5 Ne4+ 41. Kf3 Ng5+ 42. Kf2 Ne4+ 43. Kf3 Ng5+ 
44. Kf2 Ne4+ 1/2-1/2

[Event "Tuesday 24 April Rapid Engine Tour 12+1 Rounds 9 Starts 1600ST"]
[Site "Infinity Chess"]
[Date "2018.4.24"]
[Round "9"]
[White "KQRBNP"]
[Black "angriff"]
[Result "1/2-1/2 "]
[ECO "E10"]
[WhiteElo "2314"]
[BlackElo "2395"]
[WhiteEngine "Eman 1.70-beta25 64-bit POPCNT"]
[BlackEngine "DracoREX 3.07 64BIT POPCNT_CTG"]
[EventType "Swiss"]
[WhiteTeam ""]
[BlackTeam ""]
[PlyCount "305"]
[TimeControl "720+1"]

1. d4 Nf6 2. c4 e6 3. Nf3 d5 4. Nc3 c6 5. e3 Nbd7 6. Bd3 dxc4 7. Bxc4 b5 
8. Bd3 Bb7 9. a3 Bd6 10. O-O O-O 11. Bd2 a5 12. Rc1 b4 13. Na4 bxa3 
14. bxa3 Bxa3 15. Rb1 Ba6 16. Bxa6 Rxa6 17. Qc2 Qa8 18. Rb3 Be7 19. Rc1 Rc8 
20. Ne1 Nd5 21. Nd3 Rb8 22. g3 Rxb3 23. Qxb3 Bf8 24. Qc4 Bb4 25. Bxb4 axb4 
26. Nac5 Nxc5 27. dxc5 Ra4 28. Kg2 h6 29. Rc2 Ra3 30. e4 b3 31. Rb2 Nf6 
32. e5 Nd5 33. Rxb3 Rxb3 34. Qxb3 Qa7 35. Qc4 Qa1 36. h3 g6 37. Kh2 Qf1 
38. Qd4 Qd1 39. Qe4 Qd2 40. Kh1 Qc3 41. Kg2 Kg7 42. Kh2 Kf8 43. Kh1 Ne7 
44. h4 Ke8 45. Kg2 h5 46. Qe3 Nd5 47. Qe4 Kf8 48. Kg1 Ne7 49. Kg2 Kg7 
50. Qf3 Kf8 51. Qe4 Kg8 52. Kf3 Qc2 53. Qd4 Nf5 54. Qd8+ Kh7 55. Qd7 Qd1+ 
56. Kg2 Kg7 57. Qd8 Qe2 58. Kg1 Nh6 59. Qd7 Nf5 60. Qd8 Nh6 61. Qf6+ Kh7 
62. Qd8 Qd2 63. Qd7 Kg7 64. Qd8 Qc2 65. Kf1 Ng4 66. Qd4 Qd1+ 67. Kg2 Qd2 
68. Qe4 Kg8 69. Qf3 Qc2 70. Kg1 Qc4 71. Kg2 Qc2 72. Kg1 Kg7 73. Kg2 Nh6 
74. Qe4 Kh8 75. Kh3 Kg7 76. Kg2 Kg8 77. Qd4 Nf5 78. Qe4 Nh6 79. Qd4 Nf5 
80. Qe4 Kg7 81. Kh2 Kh8 82. Kg1 Kh7 83. Kf1 Nh6 84. Qd4 Nf5 85. Qe4 Kh8 
86. Kg2 Nh6 87. Qd4 Nf5 88. Qe4 Kg7 89. Kf1 Kf8 90. Kg2 Qc3 91. Nb4 Qxc5 
92. Nxc6 Kg7 93. Nb4 Nh6 94. Kg1 Kg8 95. Nd3 Qc3 96. Ne1 Ng4 97. Nf3 Qc1+ 
98. Kg2 Qc3 99. Qe2 Qc5 100. Qb2 Kg7 101. Kg1 Kg8 102. Kf1 Kf8 103. Kg2 Qc4 
104. Qb6 Kg8 105. Qb7 Qa2 106. Qc8+ Kg7 107. Qc5 Qa8 108. Qc7 Qd5 109. Qc3 Kh7 
110. Qb2 Qc4 111. Qd2 Kg8 112. Qd8+ Kg7 113. Qd2 Qc6 114. Qd4 Qb7 115. Qd6 Qe4 
116. Qc5 Qe2 117. Qd4 Qb5 118. Qc3 Qb8 119. Qc5 Qa8 120. Qd6 Qe4 121. Qc5 Qe2 
122. Qd4 Qb5 123. Qd2 Qb6 124. Qa2 Qc5 125. Qe2 Qa5 126. Qb2 Qd5 127. Qe2 Qa5 
128. Qb2 Qd5 129. Qe2 Qb3 130. Nh2 Nh6 131. Qe4 Nf5 132. Nf3 Qb2 133. Qf4 Kg8 
134. Ng5 Qa1 135. Ne4 Kg7 136. Nd6 Kg8 137. Qe4 Kg7 138. Kh2 Qd1 139. Nxf5+ exf5 
140. Qe3 Qd5 141. Qc3 Qe6 142. Kg1 Qd5 143. e6+ Kf8 144. exf7 Kxf7 145. Kh2 Qe6 
146. Qc7+ Kf6 147. Qb7 Ke5 148. Qb2+ Kd6 149. Qd4+ Ke7 150. Qf4 Kf7 151. Qb8 Qd5 
152. Qc8 Qd6 153. Kg1 1/2-1/2

[Event "Tuesday 24 April Rapid Engine Tour 12+1 Rounds 9 Starts 1600ST"]
[Site "Infinity Chess"]
[Date "2018.4.24"]
[Round "9"]
[White "KhalidOmar"]
[Black "crossbones"]
[Result "1/2-1/2"]
[ECO "A50"]
[WhiteElo "2414"]
[BlackElo "2430"]
[WhiteEngine "Eman 1.70-beta24 64-bit BMI2"]
[BlackEngine "Cryptic Heroes 9.4B"]
[EventType "Swiss"]
[WhiteTeam ""]
[BlackTeam ""]
[PlyCount "115"]
[TimeControl "720+1"]

1. d4 Nf6 2. c4 c6 3. Nf3 d5 4. e3 Bf5 5. Be2 e6 6. O-O h6 7. Bd3 Be7 
8. Nc3 Bxd3 9. Qxd3 O-O 10. b3 a5 11. Rb1 Nbd7 12. e4 Nxe4 13. Nxe4 dxe4 
14. Qxe4 Qc7 15. a4 Nf6 16. Qe2 Rfd8 17. Bb2 c5 18. Rbd1 cxd4 19. Bxd4 Nd7 
20. Ne5 Nc5 21. Qh5 Bf8 22. Bxc5 Bxc5 23. Rxd8+ Rxd8 24. Nxf7 Rf8 25. Ne5 Bxf2+ 
26. Rxf2 Qc5 27. Qe2 Rxf2 28. Qxf2 Qxe5 29. h3 h5 30. Qd2 Qa1+ 31. Kh2 Qe5+ 
32. Kh1 Qf5 33. Qd8+ Kh7 34. Qe8 e5 35. Kh2 e4 36. Kg1 g6 37. Qe7+ Kh6 
38. c5 Qf4 39. Qxb7 Qe3+ 40. Kf1 Qc1+ 41. Ke2 Qc2+ 42. Ke3 Qxg2 43. Qf7 Qxh3+ 
44. Kxe4 h4 45. c6 Qg2+ 46. Qf3 h3 47. c7 Qc2+ 48. Kd4 Qxc7 49. Qxh3+ Kg5 
50. Qe3+ Kf6 51. Kd3 g5 52. Qd4+ Kf5 53. Qe4+ Kf6 54. b4 axb4 55. Qxb4 Ke6 
56. Qd4 Qd6 57. Qxd6+ Kxd6 58. a5 1/2-1/2

[Event "Tuesday 24 April Rapid Engine Tour 12+1 Rounds 9 Starts 1600ST"]
[Site "Infinity Chess"]
[Date "2018.4.24"]
[Round "9"]
[White "draxlord"]
[Black "stormbreaker990"]
[Result "1/2-1/2"]
[ECO "D02"]
[WhiteElo "2412"]
[BlackElo "2448"]
[WhiteEngine "Cryptic Heroes 9.4B"]
[BlackEngine "Cryptic Heroes 9.4B"]
[EventType "Swiss"]
[WhiteTeam ""]
[BlackTeam ""]
[PlyCount "125"]
[TimeControl "720+1"]

1. d4 d5 2. Nf3 Bf5 3. c4 e6 4. e3 c6 5. Nc3 Nd7 6. Bd3 Bxd3 7. Qxd3 Bb4 
8. O-O Ngf6 9. Bd2 Bxc3 10. Bxc3 O-O 11. Nd2 Re8 12. Qc2 Qc7 13. b3 Ng4 
14. Nf3 dxc4 15. bxc4 c5 16. h3 Ngf6 17. Nd2 cxd4 18. exd4 Rac8 19. a4 e5 
20. dxe5 Nxe5 21. Rae1 Nfd7 22. Qf5 Ng6 23. Rxe8+ Rxe8 24. g3 Nc5 25. a5 h6 
26. Rb1 Qc6 27. h4 Nf8 28. Bb4 Nfe6 29. Nf3 Rd8 30. Ne5 Qc7 31. Bc3 Na4 
32. Ba1 Nac5 33. Kg2 f6 34. Ng6 Qc6+ 35. Kh2 Qe4 36. Qxe4 Nxe4 37. Rxb7 Rd2 
38. Re7 Nxf2 39. Bc3 Rc2 40. Rxe6 Nd3+ 41. Kg1 Kf7 42. Re3 Rc1+ 43. Kh2 Rxc3 
44. h5 Rc2+ 45. Kg1 Ne5 46. Nxe5+ fxe5 47. Rxe5 Rxc4 48. Rb5 Rc1+ 49. Kh2 Kf6 
50. Rb7 a6 51. Rb6+ Kg5 52. Rxa6 Kxh5 53. Kh3 Rh1+ 54. Kg2 Ra1 55. Ra7 g6 
56. Kh3 Ra3 57. Kg2 Kg5 58. Ra6 h5 59. Kf2 Ra2+ 60. Kf3 Ra3+ 61. Kf2 Ra2+ 
62. Ke3 Ra3+ 63. Kf2 1/2-1/2

[Event "Tuesday 24 April Rapid Engine Tour 12+1 Rounds 9 Starts 1600ST"]
[Site "Infinity Chess"]
[Date "2018.4.24"]
[Round "9"]
[White "hafaba"]
[Black "blindfoldchess"]
[Result "1/2-1/2 "]
[ECO "B32"]
[WhiteElo "2438"]
[BlackElo "2440"]
[WhiteEngine "Eman 1.70-beta21 64-bit POPCNT_CTG"]
[BlackEngine "Cryptic Heroes 9.4B"]
[EventType "Swiss"]
[WhiteTeam ""]
[BlackTeam ""]
[PlyCount "118"]
[TimeControl "720+1"]

1. e4 c5 2. Nf3 Nc6 3. d4 cxd4 4. Nxd4 e5 5. Nb5 Nf6 6. N1c3 d6 7. Bg5 a6 
8. Na3 b5 9. Bxf6 gxf6 10. Nd5 f5 11. c3 Bg7 12. Bd3 Ne7 13. Nxe7 Qxe7 
14. Nc2 Qb7 15. f3 f4 16. O-O a5 17. Qe2 Rb8 18. b4 O-O 19. bxa5 Qa7+ 
20. Kh1 Qxa5 21. Nb4 Rb7 22. Rg1 Be6 23. g3 Qc7 24. Nd5 Bxd5 25. exd5 f5 
26. gxf4 Kh8 27. fxe5 Bxe5 28. Raf1 Qxc3 29. Bxb5 Qd4 30. a4 Rc7 31. Rg2 Qxd5 
32. Qa2 Qxa2 33. Rxa2 Rc5 34. f4 Bc3 35. Rd1 Rg8 36. Rg2 Rxg2 37. Kxg2 d5 
38. Kf3 Kg7 39. Bd3 Kf6 40. Rb1 Ba5 41. Ke3 Ke6 42. h4 Rc3 43. Rb7 Ra3 
44. Rxh7 Rxa4 45. Rh6+ Ke7 46. Bb1 Ra3+ 47. Bd3 Ra4 48. Bc2 Ra3+ 49. Kd4 Rf3 
50. Ke5 Bc7+ 51. Kxd5 Rxf4 52. Rh7+ Kf6 53. Rxc7 Rxh4 54. Rc6+ Kg5 55. Ke5 Rb4 
56. Rc5 f4 57. Bd1 Kh4 58. Kf5 Kg3 59. Rc3+ Kg2 1/2-1/2

[Event "Tuesday 24 April Rapid Engine Tour 12+1 Rounds 9 Starts 1600ST"]
[Site "Infinity Chess"]
[Date "2018.4.24"]
[Round "9"]
[White "Thinker"]
[Black "ocirema"]
[Result "1/2-1/2 "]
[ECO "C50"]
[WhiteElo "2482"]
[BlackElo "2441"]
[WhiteEngine "BrainFish_180418_x64_modern_CTG"]
[BlackEngine "Eman 1.70-beta21 64-bit POPCNT_CTG"]
[EventType "Swiss"]
[WhiteTeam ""]
[BlackTeam ""]
[PlyCount "190"]
[TimeControl "720+1"]

1. e4 e5 2. Nf3 Nc6 3. Bc4 Bc5 4. O-O Nf6 5. d3 d6 6. c3 a5 7. Re1 O-O 8. h3 h6 
9. Nbd2 Be6 10. b3 Re8 11. Bb5 Bd7 12. Nf1 d5 13. Ng3 dxe4 14. dxe4 Na7 
15. Be2 Qe7 16. Qc2 Be6 17. Bb2 Bb6 18. Bd3 Rad8 19. Rad1 Nc6 20. Bc1 Rd7 
21. Bb5 Red8 22. Rxd7 Nxd7 23. Rd1 Na7 24. Be2 Nc6 25. Nf1 Bc5 26. Ne3 Nf6 
27. Re1 Kh8 28. Bb5 Na7 29. Be2 Nc6 30. Bb5 Na7 31. Bf1 Nc6 32. Be2 Kg8 
33. a4 Bxe3 34. Bxe3 b6 35. Bb5 Qd6 36. Rc1 Na7 37. Be2 Nc6 38. Nd2 Qe7 
39. Rb1 Nh7 40. Bb5 Na7 41. Bf1 Nc6 42. Rc1 Nf6 43. b4 Rc8 44. Ba6 Rd8 
45. Bf1 Rc8 46. Ba6 Rb8 47. Bb5 Bd7 48. Rb1 Rd8 49. Nf3 Ne8 50. bxa5 Nxa5 
51. Bxd7 Rxd7 52. c4 Qe6 53. c5 Nc4 54. Bc1 Na5 55. Be3 Nc4 56. Bc1 Rd8 
57. Rb4 Na5 58. cxb6 cxb6 59. Be3 Rc8 60. Qb1 Nc4 61. Bxb6 Nf6 62. Ba7 Kh7 
63. Kh2 Qa6 64. Qd3 Qxa7 65. Rxc4 Rxc4 66. Qxc4 Qxf2 67. Qc7 Nxe4 68. Qxe5 Nc5 
69. Qf5+ Kg8 70. Qc8+ Kh7 71. Qf5+ Kg8 72. a5 Ne6 73. Qb5 Qa7 74. Qb6 Qxb6 
75. axb6 Nc5 76. Kg3 Kf8 77. Ne5 Ke7 78. Kf4 f6 79. Ng6+ Kf7 80. Kf5 Nb7 
81. Nf4 Nd6+ 82. Kg4 f5+ 83. Kh5 Ne4 84. Nd5 Nc5 85. g3 Ke6 86. Ne3 Kf6 
87. Nc4 Nb7 88. Nd2 Nc5 89. Nc4 Nb7 90. Nd2 Nc5 91. Nb3 Nb7 92. Nd4 Nc5 
93. Nb3 Nb7 94. Nd4 Ke5 95. Ne2 Kf6 1/2-1/2

[Event "Tuesday 24 April Rapid Engine Tour 12+1 Rounds 9 Starts 1600ST"]
[Site "Infinity Chess"]
[Date "2018.4.24"]
[Round "9"]
[White "Longin"]
[Black "SkyPilot"]
[Result "0-1"]
[ECO "C50"]
[WhiteElo "2486"]
[BlackElo "2455"]
[WhiteEngine "Raubfisch ME262_GTZ17b1_CTG"]
[BlackEngine "stockfish_x64_bmi2_2018_04_07_CTG"]
[EventType "Swiss"]
[WhiteTeam ""]
[BlackTeam ""]
[PlyCount "180"]
[TimeControl "720+1"]

1. e4 e5 2. Nf3 Nc6 3. Bc4 Bc5 4. O-O Nf6 5. d3 d6 6. c3 O-O 7. Re1 Bb6 
8. b4 Ne7 9. Nbd2 c6 10. a4 d5 11. Bb3 Ng6 12. a5 Bc7 13. Qc2 Be6 14. c4 h6 
15. Bb2 d4 16. c5 Bd7 17. Kh1 Nh5 18. Nc4 Kh7 19. Bc1 Bg4 20. Ng1 f5 21. a6 Rb8 
22. axb7 Rxb7 23. Ba4 Qf6 24. h3 Rxb4 25. Nd6 Bxd6 26. cxd6 f4 27. Rf1 Qh4 
28. d7 Rb6 29. Ba3 Rfb8 30. Qa2 Qf6 31. Bc1 f3 32. g3 Be6 33. Qd2 Ra6 
34. Qd1 Qe7 35. Qxf3 Nf6 36. Kh2 Qxd7 37. Ra3 Qc7 38. Kg2 Rbb6 39. Qd1 c5 
40. Nf3 c4 41. dxc4 Qxc4 42. Kh2 Qb4 43. Rg1 d3 44. Re1 Ra5 45. Ra1 Bb3 
46. Qxd3 Rxa4 47. Bd2 Qb5 48. Qxb5 Rxb5 49. Rxa4 Bxa4 50. Be3 Bc2 51. Nd2 Bxe4 
52. Nxe4 Nxe4 53. Bxa7 Nf6 54. Kg2 Ne7 55. Re2 Kg6 56. Rc2 Ned5 57. Bc5 Ne4 
58. Ba3 Ra5 59. Bc1 Nc5 60. Bd2 Rb5 61. Kf1 e4 62. Ke2 Kf5 63. Bc1 Nd3 
64. Be3 Ke5 65. Bd2 Rb3 66. Be1 Rb7 67. h4 Nxe1 68. Kxe1 Rb1+ 69. Kd2 Kd4 
70. Rc8 Rb2+ 71. Ke1 Kd3 72. Kf1 e3 73. fxe3 Nxe3+ 74. Kg1 Rg2+ 75. Kh1 Ke2 
76. Rf8 g5 77. hxg5 hxg5 78. Rf7 Rf2 79. Ra7 Kf3 80. Ra3 g4 81. Kg1 Rg2+ 
82. Kh1 Re2 83. Ra1 Nf5 84. Ra3+ Kf2 85. Rb3 Nxg3+ 86. Kh2 Nf1+ 87. Kh1 g3 
88. Rf3+ Kxf3 89. Kg1 Nd2 90. Kh1 Re1# 0-1

[Event "Tuesday 24 April Rapid Engine Tour 12+1 Rounds 9 Starts 1600ST"]
[Site "Infinity Chess"]
[Date "2018.4.24"]
[Round "9"]
[White "Deep_Impact"]
[Black "ironchess"]
[Result "1/2-1/2"]
[ECO "C55"]
[WhiteElo "2463"]
[BlackElo "2535"]
[WhiteEngine "BrainFish_180411_x64_bmi2"]
[BlackEngine "Cryptic Heroes 9.4B"]
[EventType "Swiss"]
[WhiteTeam ""]
[BlackTeam ""]
[PlyCount "108"]
[TimeControl "720+1"]

1. e4 e5 2. Nf3 Nc6 3. Bc4 Nf6 4. d3 Be7 5. O-O d6 6. c3 O-O 7. Bb3 Na5 
8. Bc2 c5 9. Re1 Nc6 10. Na3 Be6 11. Bb3 h6 12. Nc4 b5 13. Ne3 Qd7 14. a4 b4 
15. a5 Bxb3 16. Qxb3 Rfb8 17. Qa4 a6 18. Nd2 d5 19. exd5 Nxd5 20. Nxd5 Qxd5 
21. Nc4 Ra7 22. Bd2 Rc7 23. Rad1 Qxd3 24. Nxe5 Nxe5 25. Bf4 Qb5 26. Qxb5 Rxb5 
27. Bxe5 Rc6 28. Bxg7 Kxg7 29. Rxe7 Rxa5 30. cxb4 Rd6 31. Ree1 Rxd1 
32. Rxd1 cxb4 33. Kf1 Rc5 34. Ke2 Rc2+ 35. Rd2 Rc8 36. b3 a5 37. h3 Rc3 
38. Rd5 Rxb3 39. Rxa5 Ra3 40. Rb5 Rb3 41. Rb6 Rb2+ 42. Kf3 b3 43. Ke3 h5 
44. Rb5 h4 45. Rb6 Rb1 46. Rb4 b2 47. Kd3 Rd1+ 48. Kc2 Rf1 49. Kxb2 Rxf2+ 
50. Kb3 f6 51. Rxh4 Rxg2 52. Kc3 f5 53. Kd4 Rh2 54. Ke5 Rf2 1/2-1/2

[Event "Tuesday 24 April Rapid Engine Tour 12+1 Rounds 9 Starts 1600ST"]
[Site "Infinity Chess"]
[Date "2018.4.24"]
[Round "9"]
[White "star99"]
[Black "firestar"]
[Result "1/2-1/2 "]
[ECO "A46"]
[WhiteElo "2493"]
[BlackElo "2470"]
[WhiteEngine "Cryptic Heroes 9.4B"]
[BlackEngine "Cryptic Heroes 9.4B"]
[EventType "Swiss"]
[WhiteTeam ""]
[BlackTeam ""]
[PlyCount "190"]
[TimeControl "720+1"]

1. d4 Nf6 2. Nf3 d5 3. e3 Bf5 4. c4 e6 5. Qb3 b6 6. Nc3 Bd6 7. Bd2 dxc4 
8. Bxc4 Nbd7 9. Nh4 Be4 10. Nxe4 Nxe4 11. Nf3 c5 12. dxc5 Bxc5 13. O-O Nxd2 
14. Nxd2 O-O 15. Rfd1 Rc8 16. Nf3 Qe7 17. a3 g6 18. Rac1 Nf6 19. Ba6 Rc7 
20. Rc4 Rb8 21. Bb5 Rd8 22. Rdc1 a5 23. g3 Rdc8 24. Qa4 Bd6 25. Rxc7 Rxc7 
26. Bc6 Qd8 27. Rc3 Qe7 28. Nd4 Bc5 29. Bf3 e5 30. Nb5 Rd7 31. Rc2 Qe6 
32. Nc3 Kg7 33. Kg2 Rd8 34. g4 h6 35. h3 Qe7 36. Qc4 Rd7 37. Kf1 Rc7 
38. Nd5 Nxd5 39. Bxd5 Rd7 40. Qe4 Qf6 41. Ba2 Qe7 42. Bc4 Rd8 43. Ke2 h5 
44. Rd2 Rxd2+ 45. Kxd2 hxg4 46. hxg4 Qf6 47. Ke1 Be7 48. Ke2 Bf8 49. Ke1 Be7 
50. Ke2 Qd6 51. Qb7 Qf6 52. Kf1 Bc5 53. Qe4 Be7 54. Qd5 Bc5 55. Kg2 Bd6 
56. Bb3 Bc5 57. Bc4 Bd6 58. Qb7 Be7 59. Bb3 Bd8 60. Qd5 Qe7 61. Kf3 Qf6+ 
62. Ke2 Be7 63. Kf1 Bd6 64. Qc6 Be7 65. Qd5 Kg8 66. Qa8+ Kg7 67. Qe4 Qd6 
68. Qc4 Qf6 69. Kg2 Bc5 70. Qe4 Bd6 71. Ba2 Bc7 72. Qc4 Bd6 73. Bb3 Qe7 
74. Qc6 Bc5 75. Qe4 Bd6 76. Qc6 Bc5 77. Qe4 Qf6 78. Ba2 Qg5 79. Qc4 Kh6 
80. Kf1 f5 81. gxf5 Qxf5 82. Qe6 e4 83. Qf7 Bd6 84. Bd5 Qxf7 85. Bxf7 Kg5 
86. Ke2 Be5 87. b3 Bb2 88. a4 Kf5 89. Be8 Bc3 90. Bd7+ Kf6 91. Bc6 Ke5 
92. Kf1 Bb4 93. Ke2 g5 94. Kf1 Be7 95. Kg2 Bb4 1/2-1/2

[Event "Tuesday 24 April Rapid Engine Tour 12+1 Rounds 9 Starts 1600ST"]
[Site "Infinity Chess"]
[Date "2018.4.24"]
[Round "9"]
[White "mcstar"]
[Black "quicksilver"]
[Result "1/2-1/2"]
[ECO "A50"]
[WhiteElo "2573"]
[BlackElo "2531"]
[WhiteEngine "Cryptic Heroes 9.4B"]
[BlackEngine "Cryptic Heroes 9.4B"]
[EventType "Swiss"]
[WhiteTeam ""]
[BlackTeam ""]
[PlyCount "108"]
[TimeControl "720+1"]

1. d4 Nf6 2. c4 c6 3. Nc3 d5 4. cxd5 cxd5 5. Bf4 Nc6 6. e3 a6 7. Bd3 Bg4 
8. Nge2 e6 9. Rc1 Bd6 10. f3 Bh5 11. Na4 Bg6 12. Bxg6 hxg6 13. Kf2 g5 
14. Bxd6 Qxd6 15. h3 Nd7 16. Nc5 Nxc5 17. Rxc5 Qe7 18. a3 Rd8 19. Qc1 O-O 
20. Qc3 f5 21. g3 Qf6 22. h4 g4 23. Nf4 Rfe8 24. Rd1 Rd7 25. fxg4 fxg4 
26. a4 Ne7 27. Rf1 Nc6 28. Qb3 Ne7 29. Kg2 Nf5 30. Qd3 Rf7 31. Re1 Qd8 
32. Re2 Qd6 33. Rec2 Qb8 34. Kh2 b6 35. R5c3 e5 36. dxe5 Qxe5 37. Rc8 Nxe3 
38. Rxe8+ Qxe8 39. Rc3 Re7 40. Nxd5 Nxd5 41. Qxd5+ Kh8 42. Rc2 Re3 43. Qc4 Qe4 
44. Qxe4 Rxe4 45. b3 Rb4 46. Rc3 a5 47. Kg1 b5 48. axb5 Rxb5 49. Rc4 Rxb3 
50. Rxg4 a4 51. Rxa4 Rxg3+ 52. Kf1 Rg6 53. Ra8+ Kh7 54. Ra4 Kh6 1/2-1/2

[Event "Tuesday 24 April Rapid Engine Tour 12+1 Rounds 9 Starts 1600ST"]
[Site "Infinity Chess"]
[Date "2018.4.24"]
[Round "9"]
[White "Murx"]
[Black "Susanne"]
[Result "1/2-1/2"]
[ECO "B32"]
[WhiteElo "2524"]
[BlackElo "2560"]
[WhiteEngine "asmFishW_2018-04-07_popcnt"]
[BlackEngine "asmFishW_IX_bmi2_CTG"]
[EventType "Swiss"]
[WhiteTeam ""]
[BlackTeam ""]
[PlyCount "99"]
[TimeControl "720+1"]

1. e4 c5 2. Nf3 Nc6 3. d4 cxd4 4. Nxd4 e5 5. Nb5 d6 6. N1c3 a6 7. Na3 b5 
8. Nd5 Nf6 9. Bg5 Be7 10. Bxf6 Bxf6 11. c3 Rb8 12. Nc2 Bg5 13. a4 bxa4 
14. Ncb4 Nxb4 15. Nxb4 Bd7 16. Bxa6 Qa5 17. Qxd6 Rb6 18. Qd3 Be6 19. Bc4 Rxb4 
20. Bxe6 Rd4 21. Qf3 O-O 22. Bd5 Bd2+ 23. Ke2 Qa6+ 24. c4 Bb4 25. Rhd1 Rxd1 
26. Rxd1 Bc5 27. Rd2 g6 28. g4 Kg7 29. Kf1 Qa5 30. Qd1 Rb8 31. g5 a3 
32. bxa3 Rb1 33. Qxb1 Qxd2 34. Qe1 Qxg5 35. Qc3 Qf4 36. Qg3 Qxg3 37. fxg3 Bxa3 
38. Ke2 f5 39. Kf3 Bd6 40. h4 f4 41. gxf4 exf4 42. c5 Bxc5 43. Kxf4 h5 
44. e5 Bf2 45. e6 Bxh4 46. e7 Bxe7 47. Bf3 Bd6+ 48. Kg5 Be7+ 49. Kf4 Bd6+ 
50. Kg5 1/2-1/2

[Event "Tuesday 24 April Rapid Engine Tour 12+1 Rounds 9 Starts 1600ST"]
[Site "Infinity Chess"]
[Date "2018.4.24"]
[Round "8"]
[White "OlivierEvan"]
[Black "coreoptimist"]
[Result "1/2-1/2"]
[ECO "A07"]
[WhiteElo "2381"]
[BlackElo "2295"]
[WhiteEngine "Houdini 6"]
[BlackEngine "asmFishW_2018-04-11_bmi2_CTG"]
[EventType "Swiss"]
[WhiteTeam ""]
[BlackTeam ""]
[PlyCount "122"]
[TimeControl "720+1"]

1. Nf3 d5 2. g3 Nf6 3. Bg2 c6 4. O-O Bg4 5. h3 Bh5 6. c4 e6 7. d4 Nbd7 
8. cxd5 cxd5 9. Bf4 Qb6 10. Nbd2 Bd6 11. Ne5 Bb8 12. Rc1 O-O 13. Nb3 a5 
14. Qd2 Qb4 15. e3 Nxe5 16. Bxe5 Bg6 17. Rc3 Nd7 18. Bxb8 Rfxb8 19. Rfc1 b6 
20. a3 Qf8 21. Qd1 a4 22. Nd2 b5 23. e4 b4 24. Rc7 Nb6 25. exd5 Nxd5 
26. R7c5 bxa3 27. bxa3 h6 28. h4 Bf5 29. Qe1 Ra7 30. Nc4 Ne7 31. Ne3 Bd3 
32. Qd2 Bb5 33. d5 exd5 34. Nxd5 Nxd5 35. Rxd5 Be8 36. Rd6 Re7 37. Qd4 f6 
38. Bf3 Kh8 39. Kg2 Qf7 40. Qf4 Re5 41. Rd5 Qe6 42. Rxe5 Qxe5 43. Qxe5 fxe5 
44. Rc5 Kg8 45. Rxe5 Kf8 46. Re3 Bd7 47. h5 Kf7 48. g4 Kf6 49. Rd3 Be8 
50. Bd5 Rd8 51. Be4 Rxd3 52. Bxd3 Ke5 53. f3 Kd4 54. Bg6 Bxg6 55. hxg6 Ke5 
56. Kg3 Kf6 57. Kf4 Kxg6 58. Ke5 h5 59. gxh5+ Kxh5 60. Ke6 Kg5 61. Ke5 g6 
1/2-1/2

[Event "Tuesday 24 April Rapid Engine Tour 12+1 Rounds 9 Starts 1600ST"]
[Site "Infinity Chess"]
[Date "2018.4.24"]
[Round "8"]
[White "angriff"]
[Black "juggernaut"]
[Result "1/2-1/2"]
[ECO "D15"]
[WhiteElo "2396"]
[BlackElo "2380"]
[WhiteEngine "DracoREX 3.07 64BIT POPCNT_CTG"]
[BlackEngine "Cryptic Heroes 9.4B"]
[EventType "Swiss"]
[WhiteTeam ""]
[BlackTeam ""]
[PlyCount "53"]
[TimeControl "720+1"]

1. d4 d5 2. c4 c6 3. Nf3 Nf6 4. Nc3 e6 5. Bg5 h6 6. Bh4 dxc4 7. e4 g5 8. Bg3 b5 
9. Be2 Bb4 10. Qc2 Bb7 11. O-O Nbd7 12. Rad1 a6 13. Nd2 h5 14. h3 Rc8 15. e5 Nd5 
16. Nde4 Be7 17. Nd6+ Bxd6 18. exd6 c5 19. Nxd5 Bxd5 20. f4 g4 21. f5 Qg5 
22. fxe6 fxe6 23. Bh4 Qe3+ 24. Bf2 Qg5 25. Bh4 Qe3+ 26. Bf2 Qg5 27. Bh4 1/2-1/2

[Event "Tuesday 24 April Rapid Engine Tour 12+1 Rounds 9 Starts 1600ST"]
[Site "Infinity Chess"]
[Date "2018.4.24"]
[Round "8"]
[White "CrapCleaner"]
[Black "KhalidOmar"]
[Result "1/2-1/2"]
[ECO "C50"]
[WhiteElo "2442"]
[BlackElo "2413"]
[WhiteEngine "BrainFish_180423_x64_bmi2_CTG"]
[BlackEngine "Eman 1.70-beta24 64-bit BMI2"]
[EventType "Swiss"]
[WhiteTeam ""]
[BlackTeam ""]
[PlyCount "67"]
[TimeControl "720+1"]

1. e4 e5 2. Nf3 Nc6 3. Bc4 Bc5 4. O-O Nf6 5. d3 d6 6. c3 O-O 7. Bg5 a5 8. a4 h6 
9. Bh4 g5 10. Bg3 Kg7 11. Na3 Ne7 12. Nc2 Bb6 13. Ne3 Ng6 14. Bb3 Qe7 
15. h3 Bxe3 16. fxe3 Be6 17. Bxe6 fxe6 18. b4 b6 19. Ra2 Qd7 20. Be1 Rf7 
21. Nh2 Rff8 22. bxa5 Rxa5 23. c4 Raa8 24. a5 bxa5 25. Bxa5 Qc6 26. Qd2 Nd7 
27. Rfa1 Nc5 28. Qd1 Qb7 29. Rb1 Qc6 30. Ra3 Ne7 31. Bb4 Rxa3 32. Bxa3 Ng8 
33. Nf1 Nd7 34. c5 1/2-1/2

[Event "Tuesday 24 April Rapid Engine Tour 12+1 Rounds 9 Starts 1600ST"]
[Site "Infinity Chess"]
[Date "2018.4.24"]
[Round "8"]
[White "crossbones"]
[Black "NINJA_JENGKA"]
[Result "1/2-1/2"]
[ECO "D45"]
[WhiteElo "2437"]
[BlackElo "2382"]
[WhiteEngine "Cryptic Heroes 9.4B"]
[BlackEngine "Houdini 6"]
[EventType "Swiss"]
[WhiteTeam ""]
[BlackTeam ""]
[PlyCount "137"]
[TimeControl "720+1"]

1. d4 d5 2. c4 e6 3. Nc3 Nf6 4. Nf3 c6 5. e3 Nbd7 6. Qc2 Bd6 7. Be2 O-O 
8. O-O dxc4 9. Bxc4 a6 10. a4 c5 11. dxc5 Bxc5 12. Ne4 Nxe4 13. Qxe4 Qe7 
14. b3 Nf6 15. Qh4 Bd7 16. Ne5 Rfd8 17. Nxd7 Rxd7 18. Bb2 Rad8 19. Rfc1 Bb4 
20. Bf1 Ne8 21. Qe4 f5 22. Qf4 Bd6 23. Qc4 Nf6 24. g3 Ne4 25. Bg2 Nd2 
26. Qc2 Bb4 27. Bd4 e5 28. Bb6 Rf8 29. a5 e4 30. Bd4 g5 31. Rd1 Rc7 32. Qb2 Nf3+ 
33. Bxf3 exf3 34. Bb6 Bc3 35. Qb1 Rd7 36. Ra4 f4 37. exf4 gxf4 38. Rc4 Re8 
39. Rf1 Bd2 40. Kh1 Qe1 41. gxf4 Qxb1 42. Rxb1 Be1 43. h3 Re2 44. Rc8+ Kf7 
45. Kg1 Bd2 46. h4 h5 47. Kh2 Bxf4+ 48. Kh3 Be5 49. Rg1 Re4 50. Bc5 Bf6 
51. Rf8+ Ke6 52. Rg6 Rf4 53. Be3 Rxh4+ 54. Kg3 Rg4+ 55. Rxg4 hxg4 56. Kxg4 Rd3 
57. Kxf3 Rxb3 58. Kg4 Rb5 59. Bb6 Be7 60. Re8 Kf6 61. f4 Bb4 62. Bd8+ Kf7 
63. Rh8 Bxa5 64. Bxa5 Rxa5 65. Rh7+ Kf6 66. Rxb7 Ke6 67. Rb8 Kd6 68. Re8 Ra1 
69. f5 1/2-1/2